 Dungeon Crawl Stone Soup version 0.14-a0-2592-g262d02f (webtiles) character file.

118 CrazyArbalest the Bolt Thrower (level 4, 0/32 HPs)
             Began as a Demonspawn Hunter on Feb 12, 2014.
             Succumbed to an adder's poison
             ... on Level 4 of the Dungeon.
             The game lasted 00:13:59 (2464 turns).

CrazyArbalest the Bolt Thrower (Demonspawn Hunter)  Turns: 2464, Time: 00:13:59

HP   0/32        AC  3     Str 13      XL: 4   Next: 15%
MP   0/4         EV 11     Int 13      God:
Gold 40          SH  0     Dex 13      Spells:  0 memorised,  3 levels left

rFire  . . .     SeeInvis .     a - +0 short sword
rCold  . . .     Clarity  .     d - +0 leather armour
rNeg   . . .     Conserve .     (no shield)
rPois  .         rCorr    .     (no helmet)
rElec  .         rRot     .     (no cloak)
SustAb . .       Spirit   +     (no gloves)
rMut   .         Warding  .     (no boots)
Saprov . . .     Stasis   .     (no amulet)
MR     .....                    (no ring)
                                (no ring)

@: mildly poisoned, not resistant to hostile enchantments, fairly stealthy
A: hooves 1, nightstalker 1, magic shield
a: no special abilities


You were on level 4 of the Dungeon.
You were hungry.

You visited 1 branch of the dungeon, and saw 4 of its levels.

You collected 40 gold pieces.

Inventory:

Hand weapons
 a - a +0,+0 short sword (weapon)
 b - a +1,+1 crossbow
Missiles
 c - 20 bolts
Armour
 d - a +0 leather armour (worn)
 e - a +0 shield
Magical devices
 w - a wand of teleportation (0)
Comestibles
 f - 2 bread rations
 l - a meat ration
 A - a chunk of giant cockroach flesh
Scrolls
 h - a scroll of random uselessness {unknown}
 j - a scroll of curse jewellery {unknown}
 k - 2 scrolls of teleportation {unknown}
 n - a scroll of remove curse {unknown}
 o - a scroll of recharging {unknown}
 p - a scroll of enchant weapon I {unknown}
 q - a scroll of identify {unknown}
 r - a scroll of magic mapping {unknown}
 s - a scroll of immolation {unknown}
Jewellery
 t - an uncursed ring of invisibility
 v - an uncursed ring of ice
 x - an uncursed ring of positive energy {unknown}
Potions
 g - 2 potions of curing {unknown}
 i - a potion of mutation {unknown}
 m - a potion of brilliance {unknown}
 u - 2 potions of might {unknown}


   Skills:
 + Level 1.0 Fighting
 + Level 1.0 Short Blades
 * Level 4.4 Crossbows
 + Level 1.0 Armour
 + Level 2.5 Dodging
 + Level 0.8 Stealth


You had 3 spell levels left.
You didn't know any spells.

Dungeon Overview and Level Annotations

Branches:
Dungeon (4/16)
 Temple: D:4-7

Altars:
Nemelex Xobeh


Innate Abilities, Weirdness & Mutations

You have large cloven feet.
You are slightly more attuned to the shadows.
When hurt, damage is shared between your health and your magic reserves.


Message History

Found 10 stones and a robe.
The adder closely misses you. The adder barely misses you.
* * * LOW HITPOINT WARNING * * *
You feel sick. The adder barely misses you.
* * * LOW HITPOINT WARNING * * *
You feel sick. The adder bites you.
Found a tubular glass ring.
* * * LOW HITPOINT WARNING * * *
You feel sick. The adder bites you.
* * * LOW HITPOINT WARNING * * *
The adder bites you.
* * * LOW HITPOINT WARNING * * *
You are more poisoned.
The adder poisons you!
You see here a tubular glass ring.
x - a tubular glass ring You die...

#.# #.###.?##..
##.## #.#
#..###.
#...###.###.##
#.
#............
##
#..[####.#### #
#.#####.#####.
.
#...........##
###..####a###.#
.......@S.#
###...##### #..
#. #


You could see a worker ant and an adder.

Vanquished Creatures
  3 adders
  A giant gecko (D:2)
  2 ball pythons (D:1)
  8 bats
  3 giant cockroaches
  9 hobgoblins
  3 jackals (D:1)
  3 giant newts
  5 goblins
  5 kobolds (D:1)
  3 rats
  A plant (D:1)
46 creatures vanquished.

Notes
Turn   | Place    | Note
--------------------------------------------------------------
     0 | D:1      | CrazyArbalest, the Demonspawn Hunter, began the quest for the Orb.
     0 | D:1      | Reached XP level 1. HP: 15/15 MP: 1/1
   154 | D:1      | Reached skill level 4 in Crossbows
   159 | D:1      | Gained mutation: You are slightly more attuned to the shadows. [demonic ancestry]
   159 | D:1      | Reached XP level 2. HP: 21/21 MP: 2/2
   731 | D:1      | Gained mutation: When hurt, damage is shared between your health and your magic reserves. [demonic ancestry]
   731 | D:1      | Reached XP level 3. HP: 17/26 MP: 3/3
  1476 | D:2      | HP: 1/26 [poisoned by an adder]
  2333 | D:2      | Gained mutation: You have large cloven feet. [demonic ancestry]
  2333 | D:2      | Reached XP level 4. HP: 22/32 MP: 2/4
  2368 | D:4      | Reached skill level 1 in Armour
  2370 | D:4      | Reached skill level 1 in Short Blades
  2373 | D:4      | Found a sparkling altar of Nemelex Xobeh.
  2394 | D:4      | Noticed an ogre
  2463 | D:4      | HP: 1/32 [adder (1)]
  2464 | D:4      | Succumbed to an adder's poison

Action                   |  1- 3 |  4- 6 || total
-------------------------+-------+-------++-------
Melee: Short sword       |   345 |     8 ||   353
 Fire: Crossbow          |     2 |       ||     2
Evoke: Wand              |       |     3 ||     3
 Stab: Sleeping          |     2 |     1 ||     3
